Test build
14 | 0:17 | | |
16 | 0:40 | | |
16 | 0:45 | | |
20 | 1:28 | | Scout for naturals + put on their minerals |
20 | 1:40 | | |
21 | 1:50 | | |
21 | 1:55 | | |
21 | 2:00 | | Block natural, constant 1 depo (@~) |
23 | 2:17 | | |
23 | 2:26 | | |
20 | 2:30 | | Block natural rush (depends on zerg count) |
26 | 2:43 | | |
27 | 2:53 | | |
28 | 3:01 | | |
32 | 3:16 | | Switch factory |
33 | 3:22 | | |
37 | 3:38 | | |
40 | 3:40 | | 4 widow mines In mineral line |
52 | 4:05 | | Push with 2xMedivacs, scan. spread 3 marines for vision. |
60 | 5:00 | | Build in 3rd, not in main base., In natural. |
61 | 5:05 | | Cloacking + 4 ghosts |
63 | 5:10 | | |
71 | 5:15 | | |
74 | 5:20 | | |
80 | 5:40 | | Keep libs alive, or only 2 new. (@6) |
81 | 5:45 | | 2nd push - 2 libs + widowvac drop + hide mines at next expansions |
82 | 5:50 | | |
83 | 5:52 | | Nukes |
88 | 6:38 | | |
95 | 6:53 | | 4 Ghosts (@4) |
97 | 6:55 | | Constant 2 depo (@~) |
100 | 7:00 | | + Rapid regeneration, Edges of main/natural |
123 | 9:30 | | 4th |
140 | 10:00 | | Move saturated scvs to 4th |
149 | 10:11 | | |
160 | 11:00 | | Push with 1st side medivac + ghosts + 2nd side medivac. |
176 | 11:45 | |